 Dungeon Crawl Stone Soup version 0.27.1-34-g3ba077fa99 (webtiles) character file.

Game seed: 10847795010098589281

71 cbfl8 the Sneak (level 4, -1/40 HPs)
             Began as a Minotaur Delver on Jan 20, 2022.
             Slain by an orc wizard (2 damage)
             ... on level 5 of the Dungeon.
             The game lasted 00:00:52 (326 turns).

cbfl8 the Sneak (Minotaur Delver)                    Turns: 326, Time: 00:00:52

Health: -1/40      AC:  3    Str: 16    XL:     4   Next: 5%
Magic:  3/3        EV: 12    Int:  8    God:
Gold:   0          SH:  0    Dex: 12    Spells: 3/3 levels left

rFire    . . .     SeeInvis .   a - +0 hand axe
rCold    . . .     Faith    .   (no shield)
rNeg     . . .     Spirit   .   b - +0 leather armour
rPois    .         Reflect  .   (helmet restricted)
rElec    .         Harm     .   (no cloak)
rCorr    .         Rampage  .   (no gloves)
Will     .....                  (no boots)
Stlth    ++........             (no amulet)
HPRegen  0.13/turn              (no ring)
MPRegen  0.08/turn              (no ring)

@: no status effects
A: horns 2, retaliatory headbutt
a: no special abilities


You were on level 5 of the Dungeon.
You visited 1 branch of the dungeon, and saw 1 of its levels.

Inventory:

Hand Weapons
 a - a +0 hand axe (weapon)
Armour
 b - a +0 leather armour (worn)
Wands
 g - a wand of digging (3)
Scrolls
 c - a scroll of fog
 d - a scroll of magic mapping
 e - a scroll of fear
 i - a scroll of identify {unknown}
Potions
 f - a potion of haste
 h - a potion of heal wounds {unknown}
 j - a potion of ambrosia {unknown}


   Skills:
 + Level 4.0 Fighting
 + Level 2.8 Axes
 + Level 1.3 Armour
 + Level 2.4 Dodging
 + Level 4.9 Stealth


You had 3 spell levels left.
You didn't know any spells.
Your spell library was empty.

Dungeon Overview and Level Annotations

Branches:
Dungeon (5/15)
 Temple: D:4-7

Altars:


Innate Abilities, Weirdness & Mutations

You have a pair of horns on your head.
You reflexively headbutt those who attack you in melee.


Message History

You kill the orc!
The orc wizard hits you with a +0 dagger.
You slash the orc wizard!
You kill the orc wizard!
You closely miss something. Something hits you.
Your Fighting skill increases to level 4!
You have reached level 4!
You feel agile. Something hits you but does no damage.
Things that are here:
a +0 dagger; a +0 robe Something hits you.
The orc closely misses you.
Unknown command.
You miss something. Your headbutt misses something. You hit the orc.
You hear some strange, mumbled words.
A magic dart appears from out of thin air!
The magic dart hits you!
* * * LOW HITPOINT WARNING * * *
The orc hits you with a +0 hand axe.
* * * LOW HITPOINT WARNING * * *
You hit something. Your headbutt misses something.
You hit the orc but do no damage. Something hits you but does no damage.
The orc hits you but does no damage.
Unknown command.
You barely miss something. You hit the orc.
You kill the orc!
Something hits you.
* * * LOW HITPOINT WARNING * * *
Unknown command.
You hit something but do no damage. Something hits you.
* * * LOW HITPOINT WARNING * * *
Unknown command.
You miss something. Something hits you.
* * * LOW HITPOINT WARNING * * *
Unknown command.
You closely miss something. Something hits you.
* * * LOW HITPOINT WARNING * * *
Something hits you but does no damage.
You hit something. Something hits you.
You die...

.⌠'...........#
..#...........#
.##...........#
##............## ##
#..............## #.#
................###..###
..............#..#.....##
.........>....#.)).....(#
...............)@{?.)...#
..........###.#.###......
.......#..# #.#.# .#...
..........# #.#.# # ##
........#.....#..
..........#######
........... #...###...##


There were no monsters in sight!

Vanquished Creatures
  A hound (D:5)
  An orc wizard (D:5)
  A howler monkey zombie (D:5)
  3 orcs (D:5)
6 creatures vanquished.

Notes
Turn   | Place    | Note
-------+----------+-------------------------------------------
     0 | D:5      | cbfl8 the Minotaur Delver began the quest for the Orb.
     0 | D:5      | Reached XP level 1. HP: 19/19 MP: 0/0
    93 | D:5      | Noticed a hound
    98 | D:5      | Reached XP level 2. HP: 16/27 MP: 1/1
   103 | D:5      | Reached skill level 1 in Armour
   103 | D:5      | Reached XP level 3. HP: 15/33 MP: 2/2
   318 | D:5      | Reached XP level 4. HP: 20/40 MP: 3/3
   325 | D:5      | HP: 1/40 [something (2)]
   326 | D:5      | Slain by an orc wizard

Illustrated notes

Levels and vault maps discovered:
D:5:      layout_cave_pools, minmay_misc_feat_cross, minmay_misc_feat_diagonals,
          st_stairs_6, grunt_decor_arrowhead, grunt_decor_one_mirror

Skill      XL: |  1  2  3 |
---------------+----------+-----
Armour         | 1 |  1.3
Fighting       | 4 |  4.0
Axes           | |  2.8
Dodging        | |  2.4
Stealth        | |  4.9

Action                   |  1- 3 |  4- 6 || total
-------------------------+-------+-------++-------
Melee: Hand axe          |    17 |     7 ||    24
       Headbutt          |     3 |       ||     3
Armor: Leather armour    |     3 |     4 ||     7
Dodge: Dodged            |    14 |     1 ||    15
